 Dungeon Crawl Stone Soup version 0.31-a0-1278-g11c5b68f87 (webtiles) character file.

Game seed: 9984261740184829468

306 ketsa the Caller (level 6, -6/32 (34) HPs)
             Began as a Kobold Summoner on Dec 17, 2023.
             Mangled by a wight
             ... wielding a +3 spear
              (11 damage)
             ... on level 5 of the Dungeon.
             The game lasted 00:20:53 (3569 turns).

ketsa the Caller (Kobold Summoner)                  Turns: 3569, Time: 00:20:53

HP:   -6/32 (34)    AC:  6    Str:  5    XL:     6   Next: 67%
MP:   5/11          EV: 14    Int: 23    God:
Gold: 183           SH:  0    Dex: 16    Spells: 9/12 levels left

rFire   . . .        e - +1 short sword (freeze)
rCold   . . .        (no shield)
rNeg    . . .        t - +0 leather armour "Tuawkaet" {Int+5}
rPois   .            (no helmet)
rElec   .            k - +0 cloak
rCorr   .            (no gloves)
SInv    .            i - +1 pair of boots
Will    .....        (no amulet)
Stlth   ++++         (no ring)
HPRegen 0.25/turn    (no ring)
MPRegen 0.12/turn

%: no passive effects
@: drained
A: small, no large weapons, nightstalker 3
a: no special abilities


You were on level 5 of the Dungeon.
You visited 1 branch of the dungeon, and saw 5 of its levels.

You collected 183 gold pieces.

Inventory:

Hand Weapons
 d - a +0 dagger
 e - a +1 short sword of freezing (weapon)
 p - a +0 sling
 x - a +0 sling
Missiles
 g - 4 stones
 l - 5 boomerangs (quivered)
Armour
 a - a +0 robe
 i - a +1 pair of boots (worn)
 k - a +0 cloak (worn)
 o - a +0 robe
 t - the +0 leather armour "Tuawkaet" (worn) {Int+5}
   (You found it on level 3 of the Dungeon)

   Int+5:     It affects your intelligence (+5).
Jewellery
 m - a ring of fire
Talismans
 q - a serpent talisman
 v - a flux talisman
Scrolls
 c - a scroll of immolation {unknown}
 f - a scroll of amnesia {unknown}
 j - 2 scrolls of teleportation {unknown}
 n - a scroll of enchant weapon {unknown}
 r - 2 scrolls of fog {unknown}
 w - a scroll of revelation {unknown}
 y - a scroll of identify
 z - a scroll of poison {unknown}
 A - a scroll of fear {unknown}
Potions
 b - a potion of magic
 h - a potion of curing
 s - a potion of ambrosia
 u - a potion of brilliance


   Skills:
 + Level 1.2 Fighting
 + Level 4.0 Short Blades
 - Level 2.4 Dodging
 + Level 4.5 Stealth
 - Level 3.6 Spellcasting
 + Level 5.1 Summonings


You had 9 spell levels left.
You knew the following spells:

 Your Spells              Type           Power      Damage    Failure   Level
a - Summon Small Mammal   Summ           100%       N/A       2%          1
b - Call Imp              Summ           56%        N/A       3%          2

Your spell library contained the following spells:

 Spells                   Type           Power      Damage    Failure   Level
 Call Canine Familiar     Summ           28%        N/A       6%          3
 Summon Guardian Golem    Hex/Summ       16%        N/A       19%         3
 Cigotuvi's Dreadful Rot  Necr/Pois/Air  8%         N/A       28%         2
 Summon Lightning Spire   Summ/Air       16%        N/A       52%         4
 Dispel Undead            Necr           4%         3d7       88%         4
 Death Channel            Necr           2%         N/A       100%        6


Dungeon Overview and Level Annotations

Branches:
Dungeon (5/15)
 Temple: D:4-7

Altars:
Qazlal
Sif Muna

Annotations:
D:3 exclusion: 2 downstairs
D:4 exclusion: black bear, Pikel


Innate Abilities, Weirdness & Mutations

You are small and have problems with some larger weapons.
You are completely attuned to the shadows.


Message History

2 wights come into view.
The wight barely misses you.
You barely miss the wight.
Your cerulean imp disappears in a puff of smoke!
Your quokka bites the wight.
The wight barely misses your quokka.
Casting: Summon Small Mammal (safe; 2% risk of failure)
Confirm with . or Enter, or press ? or * to list all spells.
A tiny devil pulls itself out of the air.
Your quokka barely misses the wight.
The wight hits your quokka with a +3 flail!
Your quokka dies!
Your quokka's corpse disappears in a puff of smoke!
You barely miss the wight.
The wight is moderately damaged.
You hit the wight.
The wight is heavily damaged.
Your cerulean imp completely misses the wight.
The wight closely misses you.
You hit the wight but do no damage.
The wight is heavily damaged.
The wight barely misses you.
The wight hits you from afar with a +3 spear!
Your cerulean imp closely misses the wight.
Okay, then.
Unknown command.
Okay, then.
Okay, then.
Okay, then.
Casting: Call Imp (safe; 3% risk of failure)
Confirm with . or Enter, or press ? or * to list all spells.
The wight closely misses you.
The wight hits you from afar with a +3 spear.
Your cerulean imp hits the wight but does no damage.
Casting: Summon Small Mammal (safe; 2% risk of failure)
Confirm with . or Enter, or press ? or * to list all spells.
The wight hits you with a +3 flail!
You feel drained.
* * * LOW HITPOINT WARNING * * *
The wight hits you from afar with a +3 spear!
You die...

# # # # ##### ###
....# ####r# ....#
#.5z@# ....#
#.##r# .####
#.##z#
.############.##.#
.##...........##.#
..+............#
.##.......†..####
.'..........>'...
.##..........####


You could see 2 wights, a friendly cerulean imp (summoned) and 2 friendly
quokkas.

Vanquished Creatures
  A lemure (D:3)
  A hound (D:3)
  An iguana (D:4)
  7 adders
  An ufetubus (D:4)
  4 worms
  2 dart slugs (D:2)
  An orc (D:4)
  3 bats
  5 endoplasms
  A giant cockroach (D:4)
  8 goblins
  4 hobgoblins
  2 quokkas (D:4)
  2 ball pythons
  2 frilled lizards (D:3)
  4 kobolds
  5 rats
54 creatures vanquished.

Vanquished Creatures (collateral kills)
  3 lemures (D:4)
  A scorpion (D:5)
  A hound (D:4)
  An adder (D:4)
  An ufetubus (D:4)
  A dart slug (D:4)
  2 ball pythons
  An endoplasm (D:1)
  2 goblins
  2 hobgoblins
  A quokka (D:4)
  2 bats
  2 frilled lizards (D:3)
  A kobold (D:1)
21 creatures vanquished.

Grand Total: 75 creatures vanquished

Notes
Turn   | Place    | Note
-------+----------+-------------------------------------------
     0 | D:1      | ketsa the Kobold Summoner began the quest for the Orb.
     0 | D:1      | Reached XP level 1. HP: 10/10 MP: 3/3
   263 | D:1      | Reached XP level 2. HP: 15/15 MP: 0/5
   329 | D:1      | Reached skill level 1 in Short Blades
   583 | D:1      | You fall into a shaft and drop 1 floor!
   608 | D:2      | Reached XP level 3. HP: 15/19 MP: 5/7
   945 | D:2      | Reached XP level 4. HP: 24/24 MP: 6/8
   972 | D:2      | Learned a level 2 spell: Call Imp
  1664 | D:3      | Identified the +0 leather armour "Tuawkaet" {Int+5}
  1689 | D:3      | Reached XP level 5. HP: 28/28 MP: 9/9
  2158 | D:3      | Found a shimmering blue altar of Sif Muna.
  2237 | D:4      | Noticed Pikel
  2237 | D:4      | Noticed a lemure
  2237 | D:4      | Noticed a lemure
  2237 | D:4      | Noticed a lemure
  2238 | D:4      | Noticed a lemure
  2279 | D:3      | Killed a lemure
  2375 | D:5      | Entered Level 5 of the Dungeon
  2478 | D:4      | Found a stormy altar of Qazlal.
  2542 | D:4      | Killed a lemure
  2648 | D:4      | Killed a lemure
  2850 | D:4      | Reached XP level 6. HP: 21/32 MP: 7/11
  2942 | D:4      | Reached skill level 5 in Summonings
  3024 | D:4      | Noticed a black bear
  3550 | D:5      | Reached skill level 1 in Fighting
  3569 | D:5      | Mangled by a wight

Illustrated notes

Levels and vault maps discovered:
D:1:      heliophobic_arrival_battle_scene, layout_basic, chequers_big_river,
          minmay_misc_feat_rugged
D:2:      layout_loops_ring
D:3:      minmay_inner_zag, layout_loops_cross, mainiacjoe_overflow_boulevard
D:4:      layout_rooms, grunt_qazlal_clouds, nicolae_titane, uniq_pikel
D:5:      cheibrodos_barr_body, layout_basic, temple_fountains, serial_shops,
          shop, mrwooster_statue_mirror, uniq_edmund

Skill      XL: |  1  2  3  4  5  6 |
---------------+-------------------+-----
Short Blades   | 1 2 3 4 |  4.0
Spellcasting   | 3 |  3.6
Stealth        | 3 4 |  4.5
Summonings     | 5 |  5.1
Fighting       | 1 |  1.2
Dodging        | |  2.4

Action                     |  1- 3 |  4- 6 || total
---------------------------+-------+-------++-------
  Melee: Dagger            |     8 |       ||     8
         Short sword       |    38 |   165 ||   203
         Punch             |     1 |       ||     1
  Throw: Boomerang         |       |     1 ||     1
   Cast: Summon Small Mamm |    23 |    29 ||    52
         Call Imp          |       |    19 ||    19
    Use: Scroll            |       |     4 ||     4
   Stab: Sleeping          |     4 |    19 ||    23
 Armour: Robe              |     7 |     8 ||    15
         Leather armour    |       |    61 ||    61
  Dodge: Dodged            |    25 |   135 ||   160

Table legend: (Time is in decaauts)
 A = Elapsed time spent in this place.
 B = Non-inter-level travel time spent in this place.
 C = Inter-level travel time spent in this place.
 D = Time resting spent in this place.
 E = Time spent auto-exploring this place.
 F = Levels seen in this place.
 G = Mean time per level.
                   A        B        C        D        E       F      G
               +--------+--------+--------+--------+--------+-----+--------+
         Total |   3546 |   3448 |     98 |    473 |   1718 |   5 |  709.2 |
       Dungeon |   3546 |   3448 |     98 |    473 |   1718 |   5 |  709.2 |
               +--------+--------+--------+--------+--------+-----+--------+

Top non-repeatable levels by time:
     D:4: 1068 daAuts
     D:3: 1051 daAuts
     D:2: 779 daAuts
     D:1: 587 daAuts
     D:5: 60 daAuts
